cohdb
Replays
Latest Replays
All Replays
Popular Replays
Top Player Replays
Match Explorer
How It Works
Community
CoH3 Stats
Reddit
Sign in to upload your games and track your stats! →
Sign in with Steam
Match 30135630
Unlisted
Match 30135630
Overview
Messages
Build Orders
End
Construct Section Command Post
Infantry Section
Infantry Section
Infantry Section
Grenade Package
Construct Platoon Command Post
6-pounder Anti-tank Gun Team
Selects Indian Artillery Battlegroup
Selects Valour
Selects Gurkha Rifles Section
Gurkha Rifles Section
Gurkha Rifles Section
Construct Company Command Post
Selects Towed ML 4.2-inch Heavy Mortar
Matilda II Heavy Tank
Selects Off-map Airburst Barrage
Off-map Airburst Barrage
Grand.G
Severn
Zorg
shiberiatora
Gunshy
Shingles
0
0
Comments
sign in to comment!
No comments posted yet!